IL
NORFOLK TIDES @ BUFFALO BISONS
06/04/2020
 
TOP OF THE 1ST
Norfolk Tides batting - Pitching for Buffalo Bisons : LHP Anthony Kay
Pitching: LHP Anthony Kay
Batting: RHB Richie Martin 0-0: Called Strike
0-1: Swinging Strike
0-2: Ball
1-2: Ball
2-2: SINGLE (Line Drive, 8RS, EV 111.9 MPH)
Batting: LHB Mason Williams 0-0: Called Strike
0-1: Called Strike
0-2: Strikes out looking
Batting: RHB Ryan Mountcastle 0-0: Fly out, F7 (Flyball, 78M, EV 73.8 MPH)
Batting: RHB Pat Valaika 0-0: Ball
1-0: SINGLE (Line Drive, 78M, EV 111.3 MPH)
Richie Martin to second
Batting: RHB Yusniel Diaz 0-0: Called Strike
0-1: Swinging Strike
0-2: Strikes out looking
Top of the 1st over - 0 runs, 2 hits, 0 errors, 2 left on base; Norfolk 0 - Buffalo 0
BOTTOM OF THE 1ST
Buffalo Bisons batting - Pitching for Norfolk Tides : LHP Tommy Milone
Pitching: LHP Tommy Milone
Batting: RHB Jonathan Davis 0-0: Ball
1-0: Foul Ball, location: 2F
1-1: Ball
2-1: Ball
3-1: Called Strike
3-2: SOLO HOME RUN (Flyball, 7LD, EV 91.3 MPH), Distance : 357 ft
Batting: LHB Mitch Walding 0-0: Ball
1-0: Ball
2-0: Ball
3-0: Called Strike
3-1: Called Strike
3-2: Fly out, F6 (Flyball, 5D, EV 70.0 MPH)
Batting: LHB Rowdy Tellez 0-0: Ball
1-0: Foul Ball, location: 2F
1-1: Ball
2-1: Fly out, F7 (Flyball, 7LM, EV 88.8 MPH)
Batting: LHB Billy McKinney 0-0: Ball
1-0: Called Strike
1-1: Foul Ball, location: 2F
1-2: Ball
2-2: Fly out, F8 (Flyball, 78S, EV 85.0 MPH)
Bottom of the 1st over - 1 run, 1 hit, 0 errors, 0 left on base; Norfolk 0 - Buffalo 1
TOP OF THE 2ND
Norfolk Tides batting - Pitching for Buffalo Bisons : LHP Anthony Kay
Batting: LHB DJ Stewart 0-0: Ball
1-0: Ground out 3-1 (Groundball, 34, EV 108.1 MPH)
Batting: SHB Andrew Velazquez 0-0: Called Strike
0-1: DOUBLE (Line Drive, 9LM, EV 96.9 MPH)
Batting: RHB Rylan Bannon 0-0: Called Strike
0-1: Swinging Strike
0-2: Ball
1-2: Foul Ball, location: 2F
1-2: Strikes out swinging
Batting: RHB Bryan Holaday 0-0: Ball
1-0: Ball
2-0: Foul Ball, location: 2F
2-1: Ball
3-1: Foul Ball, location: 2F
3-2: Strikes out swinging
Top of the 2nd over - 0 runs, 1 hit, 0 errors, 1 left on base; Norfolk 0 - Buffalo 1
BOTTOM OF THE 2ND
Buffalo Bisons batting - Pitching for Norfolk Tides : LHP Tommy Milone
Batting: RHB Andy Burns 0-0: Called Strike
0-1: Foul Ball, location: 2F
0-2: Fly out, F8 (Line Drive, 8RD, EV 100.6 MPH)
Batting: LHB Andrew Pullin 0-0: Ground out 3-1 (Groundball, 34S, EV 90.6 MPH)
Batting: RHB Santiago Espinal 0-0: Ball
1-0: Swinging Strike
1-1: Swinging Strike
1-2: Strikes out swinging
Bottom of the 2nd over - 0 runs, 0 hits, 0 errors, 0 left on base; Norfolk 0 - Buffalo 1
TOP OF THE 3RD
Norfolk Tides batting - Pitching for Buffalo Bisons : LHP Anthony Kay
Batting: RHB Richie Martin 0-0: Swinging Strike
0-1: Ball
1-1: DOUBLE (Groundball, 5L, EV 101.9 MPH)
Batting: LHB Mason Williams 0-0: Foul Ball, location: 2F
0-1: Ball
1-1: Ball
2-1: Fly out, F7 (Flyball, 7LM, EV 76.9 MPH)
Batting: RHB Ryan Mountcastle 0-0: Called Strike
0-1: SINGLE (Groundball, 6MD, EV 96.9 MPH)
Richie Martin to third
Runner from 3rd tries for Home, SAFE, throw by CF to home
Batting: RHB Pat Valaika 0-0: Foul Ball, location: 2F
0-1: Grounds into double play, 6-4-3 (Groundball, 6, EV 100.6 MPH)
Top of the 3rd over - 1 run, 2 hits, 0 errors, 0 left on base; Norfolk 1 - Buffalo 1
BOTTOM OF THE 3RD
Buffalo Bisons batting - Pitching for Norfolk Tides : LHP Tommy Milone
Batting: RHB Ruben Tejada 0-0: Called Strike
0-1: Ball
1-1: Called Strike
1-2: Ball
2-2: Strikes out looking
Batting: RHB Caleb Joseph 0-0: Ball
1-0: TRIPLE (Groundball, 3L, EV 101.9 MPH)
Batting: RHB Jonathan Davis 0-0: Foul Ball, location: 2F
0-1: Ball
1-1: Fly out, F9 (Flyball, 9D, EV 90.0 MPH)
Runner from 3rd tags up, SCORES, throw by RF
Batting: LHB Mitch Walding 0-0: Ball
1-0: Foul Ball, location: 2F
1-1: Called Strike
1-2: Strikes out swinging
Bottom of the 3rd over - 1 run, 1 hit, 0 errors, 0 left on base; Norfolk 1 - Buffalo 2
TOP OF THE 4TH
Norfolk Tides batting - Pitching for Buffalo Bisons : LHP Anthony Kay
Batting: RHB Yusniel Diaz 0-0: Ball
1-0: Ball
2-0: Ball
3-0: Called Strike
3-1: Foul Ball, location: 2F
3-2: SINGLE (Line Drive, 89S, EV 96.3 MPH)
Batting: LHB DJ Stewart 0-0: Ball
1-0: Foul Ball, location: 2F
1-1: Foul Ball, location: 2F
1-2: Strikes out swinging
Batting: SHB Andrew Velazquez 0-0: Foul Ball, location: 2F
0-1: Ball
1-1: Ball
2-1: Foul Ball, location: 2F
2-2: Ball
3-2: Strikes out swinging
Batting: RHB Rylan Bannon 0-0: Called Strike
0-1: Swinging Strike
0-2: Foul Ball, location: 2F
0-2: Ball
1-2: Ball
2-2: Strikes out swinging
Top of the 4th over - 0 runs, 1 hit, 0 errors, 1 left on base; Norfolk 1 - Buffalo 2
BOTTOM OF THE 4TH
Buffalo Bisons batting - Pitching for Norfolk Tides : LHP Tommy Milone
Batting: LHB Rowdy Tellez 0-0: Ball
1-0: Foul Ball, location: 2F
1-1: Called Strike
1-2: Fly out, F8 (Flyball, 89D, EV 90.0 MPH)
Batting: LHB Billy McKinney 0-0: Called Strike
0-1: Hit by Pitch
Batting: RHB Andy Burns 0-0: Ball
1-0: Called Strike
1-1: Grounds into double play, 4-6-3 (Groundball, 4, EV 81.3 MPH)
Bottom of the 4th over - 0 runs, 0 hits, 0 errors, 0 left on base; Norfolk 1 - Buffalo 2
TOP OF THE 5TH
Norfolk Tides batting - Pitching for Buffalo Bisons : LHP Anthony Kay
Batting: RHB Bryan Holaday 0-0: Ground out 6-3 (Groundball, 6, EV 84.4 MPH)
Batting: RHB Richie Martin 0-0: Called Strike
0-1: Called Strike
0-2: Strikes out swinging
Batting: LHB Mason Williams 0-0: SINGLE (Groundball, 34D, EV 95.6 MPH)
Batting: RHB Ryan Mountcastle 0-0: Ball
1-0: Foul Ball, location: 2F
1-1: Called Strike
1-2: SINGLE (Groundball, 4D, EV 106.3 MPH)
Mason Williams to second
Runner from 2nd tries for 3rd, SAFE, throw by CF made to third
Batting: RHB Pat Valaika 0-0: Hit by Pitch
Ryan Mountcastle to second
Batting: RHB Yusniel Diaz 0-0: Foul Ball, location: 2F
0-1: Ball
1-1: Ball
2-1: Fly out, F8 (Flyball, 8RD, EV 93.1 MPH)
Top of the 5th over - 0 runs, 2 hits, 0 errors, 3 left on base; Norfolk 1 - Buffalo 2
BOTTOM OF THE 5TH
Buffalo Bisons batting - Pitching for Norfolk Tides : LHP Tommy Milone
Batting: LHB Andrew Pullin 0-0: Called Strike
0-1: Swinging Strike
0-2: Fly out, F7 (Line Drive, 7, EV 88.8 MPH)
Batting: RHB Santiago Espinal 0-0: Called Strike
0-1: Called Strike
0-2: SINGLE (Line Drive, 6D, EV 98.8 MPH)
Batting: RHB Ruben Tejada 0-0: Ball
1-0: Foul Ball, location: 2F
1-1: DOUBLE (Line Drive, 9LM, EV 112.5 MPH)
Santiago Espinal to third
Runner from 3rd tries for Home, SAFE, throw by RF to trailing runner, SAFE at third!
Batting: RHB Caleb Joseph 0-0: SINGLE (Groundball, 56, EV 103.1 MPH)
Ruben Tejada scores
Batting: RHB Jonathan Davis 0-0: Ball
1-0: Ball
2-0: Foul Ball, location: 2F
2-1: Called Strike
2-2: Fly out, F4 (Popup, 4S, EV 79.4 MPH)
Batting: LHB Mitch Walding 0-0: Ball
1-0: Called Strike
1-1: Foul Ball, location: 2F
1-2: Foul Ball, location: 2F
1-2: Foul Ball, location: 2F
1-2: Strikes out swinging
Bottom of the 5th over - 2 runs, 3 hits, 0 errors, 1 left on base; Norfolk 1 - Buffalo 4
TOP OF THE 6TH
Norfolk Tides batting - Pitching for Buffalo Bisons : LHP Anthony Kay
Batting: LHB DJ Stewart 0-0: DOUBLE (Line Drive, 7D, EV 100.0 MPH)
Batting: SHB Andrew Velazquez 0-0: Ball
1-0: Swinging Strike
1-1: Foul Ball, location: 2F
1-2: Strikes out swinging
Batting: RHB Rylan Bannon 0-0: Ball
1-0: Ball
2-0: Foul Ball, location: 2F
2-1: DOUBLE (Flyball, 8LXD, EV 94.4 MPH)
DJ Stewart scores
Batting: RHB Bryan Holaday 0-0: Ball
1-0: Ball
2-0: Called Strike
2-1: Called Strike
2-2: Strikes out swinging
Batting: RHB Richie Martin 0-0: Called Strike
0-1: Fly out, F4 (Line Drive, 4, EV 63.1 MPH)
Top of the 6th over - 1 run, 2 hits, 0 errors, 1 left on base; Norfolk 2 - Buffalo 4
BOTTOM OF THE 6TH
Buffalo Bisons batting - Pitching for Norfolk Tides : LHP Tommy Milone
Batting: LHB Rowdy Tellez 0-0: Called Strike
0-1: Ground out 2-3 (Groundball, 15S, EV 71.9 MPH)
Batting: LHB Billy McKinney 0-0: Ball
1-0: Called Strike
1-1: Ground out 5-3 (Groundball, 56, EV 90.0 MPH)
Batting: RHB Andy Burns 0-0: Ball
1-0: Ball
2-0: Fly out, F9 (Flyball, 9LS, EV 81.9 MPH)
Bottom of the 6th over - 0 runs, 0 hits, 0 errors, 0 left on base; Norfolk 2 - Buffalo 4
TOP OF THE 7TH
Norfolk Tides batting - Pitching for Buffalo Bisons : LHP Anthony Kay
Pitching: LHP Brian Moran
Batting: LHB Mason Williams 0-0: Called Strike
0-1: Ball
1-1: Ball
2-1: Swinging Strike
2-2: Strikes out swinging
Batting: RHB Ryan Mountcastle 0-0: Ball
1-0: Ground out 6-3 (Groundball, 6, EV 78.8 MPH)
Batting: RHB Pat Valaika 0-0: Ball
1-0: Called Strike
1-1: Ground out 6-3 (Groundball, 6, EV 96.9 MPH)
Top of the 7th over - 0 runs, 0 hits, 0 errors, 0 left on base; Norfolk 2 - Buffalo 4
BOTTOM OF THE 7TH
Buffalo Bisons batting - Pitching for Norfolk Tides : LHP Tommy Milone
Batting: LHB Andrew Pullin 0-0: Ball
1-0: Called Strike
1-1: DOUBLE (Line Drive, 7LM, EV 105.6 MPH)
Batting: RHB Santiago Espinal 0-0: Ball
1-0: Fly out, F8 (Flyball, 89D, EV 96.3 MPH)
Runner from 2nd tags up, SAFE at 3rd, no throw by CF
Batting: RHB Ruben Tejada 0-0: Ground out 6-3 (Groundball, 6, EV 82.5 MPH)
Batting: RHB Caleb Joseph 0-0: Called Strike
0-1: Ball
Wild Pitch!
Andrew Pullin scores
1-1: SOLO HOME RUN (Flyball, 7LD, EV 95.6 MPH), Distance : 360 ft
Pitching: RHP Mickey Jannis
Batting: RHB Jonathan Davis 0-0: Ball
1-0: Ground out 4-3 (Groundball, 4, EV 80.6 MPH)
Bottom of the 7th over - 2 runs, 2 hits, 0 errors, 0 left on base; Norfolk 2 - Buffalo 6
TOP OF THE 8TH
Norfolk Tides batting - Pitching for Buffalo Bisons : LHP Brian Moran
Batting: RHB Yusniel Diaz 0-0: Ball
1-0: Called Strike
1-1: Called Strike
1-2: Strikes out swinging
Batting: LHB DJ Stewart 0-0: Ball
1-0: Foul Ball, location: 2F
1-1: Foul Ball, location: 2F
1-2: Ball
2-2: Foul Ball, location: 2F
2-2: Foul Ball, location: 2F
2-2: Fly out, F8 (Flyball, 8LM, EV 80.0 MPH)
Pitching: RHP Justin Miller
Batting: SHB Andrew Velazquez 0-0: Ball
1-0: Ball
2-0: Called Strike
2-1: Ball
3-1: Foul Ball, location: 2F
3-2: Base on Balls
Batting: RHB Rylan Bannon 0-0: Ball
1-0: Ball
2-0: Called Strike
2-1: Foul Ball, location: 2F
2-2: SINGLE (Line Drive, 9S, EV 90.6 MPH)
Andrew Velazquez to second
Runner from 2nd tries for 3rd, SAFE, throw by RF made to third
Batting: RHB Bryan Holaday 0-0: Ball
1-0: Ball
2-0: Swinging Strike
2-1: Ball
3-1: Fly out, F7 (Flyball, 7LS, EV 93.8 MPH)
Top of the 8th over - 0 runs, 1 hit, 0 errors, 2 left on base; Norfolk 2 - Buffalo 6
BOTTOM OF THE 8TH
Buffalo Bisons batting - Pitching for Norfolk Tides : RHP Mickey Jannis
Batting: LHB Mitch Walding 0-0: Ball
1-0: Foul Ball, location: 2F
1-1: Called Strike
1-2: Ball
2-2: Fly out, F8 (Line Drive, 8RD, EV 93.8 MPH)
Batting: LHB Rowdy Tellez 0-0: Ball
1-0: Ground out 1-3 (Groundball, 15S, EV 66.9 MPH)
Batting: LHB Billy McKinney 0-0: Called Strike
0-1: Ball
1-1: Swinging Strike
1-2: Ball
2-2: SINGLE (Groundball, 5S, EV 70.0 MPH) (infield hit)
Batting: RHB Andy Burns 0-0: Ball
1-0: Ball
2-0: Fly out, F3 (Popup, 3F, EV 78.1 MPH)
Bottom of the 8th over - 0 runs, 1 hit, 0 errors, 1 left on base; Norfolk 2 - Buffalo 6
TOP OF THE 9TH
Norfolk Tides batting - Pitching for Buffalo Bisons : RHP Justin Miller
Pitching: RHP Sam Gaviglio
Batting: RHB Richie Martin 0-0: Swinging Strike
0-1: Swinging Strike
0-2: Ball
1-2: Strikes out swinging
Batting: LHB Mason Williams 0-0: Called Strike
0-1: Fly out, F9 (Flyball, 89D, EV 106.3 MPH)
Batting: RHB Ryan Mountcastle 0-0: Ball
1-0: Swinging Strike
1-1: Foul Ball, location: 2F
1-2: Strikes out looking
Top of the 9th over - 0 runs, 0 hits, 0 errors, 0 left on base; Norfolk 2 - Buffalo 6
Wednesday, June 10th, 2020 - OOTP Baseball 21.3 Build 54